Rangers vs Maple Leafs
Created - November 12, 2025 at 19:36
Goals
|
| Rangers |
1 |
1 |
1 |
3 |
| Maple Leafs |
1 |
2 |
2 |
5 |
|
Shots
|
| Rangers |
7 |
14 |
12 |
33 |
| Maple Leafs |
14 |
10 |
13 |
37 |
|
1st period
1. Maple Leafs , Elias Pettersson 2 (Pierre-Olivier Joseph 1, Andre Burakovsky 4) at 7:33
2. Rangers , Mikhail Sergachev 1 (Milan Lucic 1, Sean Couturier 1) at 7:59
Penalties :
No Penalty
2nd period
3. Rangers , Milan Lucic 1 (Jake McCabe 1, Cale Makar 2) at 10:01 (PP)
4. Maple Leafs , Bo Horvat 1 (Zach Werenski 4) at 11:23 (PP)
5. Maple Leafs , Elias Lindholm 2 (Tyler Benson 2, Zach Werenski 5) at 15:05
Penalties :
Ryan Strome (NyR) for Roughing (Minor) at 6:27, Zach Werenski (TOR) for Hooking (Minor) at 9:53, Devante Smith-Pelly (NyR) for Delaying the game (Minor) at 11:20, Tomas Hertl (NyR) for Roughing (Minor) at 15:18
3rd period
6. Maple Leafs , Aleksi Saarela 2 (Pierre-Olivier Joseph 2, Valentin Zykov 1) at 3:59
7. Rangers , Devante Smith-Pelly 1 (Milan Lucic 2, Sean Couturier 2) at 9:13 (PP)
8. Maple Leafs , Zach Werenski 2 (Jason Zucker 2) at 15:53 (PP)
Penalties :
Cale Makar (NyR) for Delaying the game (Minor) at 6:17, Andre Burakovsky (TOR) for Holding (Minor) at 9:03, Henrik Samuelsson (NyR) for Interference (Minor) at 15:07
Goalie Stats
Samuel Montembeault (NyR), 32 saves from 37 shots - (0.865), L, 2-2-0, 60:00 minutes
Kristers Gudlevskis (TOR), 30 saves from 33 shots - (0.909), W, 2-0-0, 60:00 minutes
Players Stats for Rangers
Player Name G A P +/- PIM S H SB GA TA FO MP PP MP PK MP
------------------------------------------------------------------------------------
Cale Makar 0 1 1 -3 2 2 2 2 0 1 0/0 24:09 0:18 3:05
Casey Mittelstadt 0 0 0 0 0 3 2 0 0 0 4/10 12:59 0:00 0:41
Connor Chatam 0 0 0 -1 0 0 0 0 0 0 0/0 10:21 0:00 0:00
David Pope 0 0 0 -1 0 1 1 0 1 0 1/1 11:07 0:00 0:43
Derrick Pouliot 0 0 0 0 0 2 1 0 0 0 0/0 13:18 0:00 0:04
Devante Smith-Pelly 1 0 1 0 2 2 1 0 0 0 0/0 15:03 0:18 0:00
Henrik Samuelsson 0 0 0 -1 2 2 1 0 0 1 3/3 10:20 0:00 0:00
Jake McCabe 0 1 1 -3 0 1 0 3 0 1 0/0 26:09 0:18 5:04
Mikhail Sergachev 1 0 1 1 0 1 0 1 2 1 0/0 21:00 0:00 1:42
Milan Lucic 1 2 3 0 0 1 0 0 0 3 1/2 19:46 0:18 4:09
Oliver Bjorkstrand 0 0 0 0 0 2 1 0 0 0 1/1 12:18 0:00 0:00
Ondrej Palat 0 0 0 0 0 5 0 0 0 0 0/0 12:36 0:00 0:00
Ryan Strome 0 0 0 -1 2 1 1 0 0 0 1/1 15:52 0:00 0:45
Sean Couturier 0 2 2 0 0 1 2 0 0 0 13/26 19:46 0:18 4:09
Steven Santini 0 0 0 0 0 0 1 0 0 0 0/0 12:51 0:00 0:00
Tomas Hertl 0 0 0 -1 2 2 2 1 1 0 17/26 16:08 0:00 1:11
Viktor Arvidsson 0 0 0 -1 0 6 0 2 0 0 0/1 16:31 0:00 1:54
Vince Dunn 0 0 0 1 0 1 0 3 0 0 0/0 22:55 0:00 3:37
Players Stats for Maple Leafs
Player Name G A P +/- PIM S H SB GA TA FO MP PP MP PK MP
------------------------------------------------------------------------------------
Aleksi Saarela 1 0 1 1 0 3 1 2 0 0 2/3 7:39 0:08 0:00
Andre Burakovsky 0 1 1 1 2 2 0 0 0 1 1/2 22:39 3:48 0:00
Bo Horvat 1 0 1 -1 0 2 3 0 0 0 11/21 17:50 3:41 0:18
Brendan Guhle 0 0 0 2 0 1 0 0 0 0 0/0 12:07 0:00 0:00
Elias Lindholm 1 0 1 1 0 2 0 2 0 0 1/6 12:41 0:00 0:00
Elias Pettersson 1 0 1 1 0 5 0 0 2 0 14/35 21:50 2:57 0:00
Evander Kane 0 0 0 1 0 2 2 1 1 0 1/2 22:58 3:48 0:18
Haydn Fleury 0 0 0 0 0 0 0 1 0 0 0/0 17:33 0:00 0:18
Jason Zucker 0 1 1 -1 0 3 1 0 0 1 0/0 17:07 2:57 0:00
John Klingberg 0 0 0 0 0 2 4 0 1 0 0/0 27:57 4:40 0:00
Jon Merrill 0 0 0 0 0 0 0 2 0 1 0/0 19:56 2:06 0:18
Martin Necas 0 0 0 -1 0 3 2 0 0 0 0/1 17:19 2:57 0:00
Mathieu Olivier 0 0 0 1 0 1 0 0 0 0 0/0 7:03 0:00 0:00
Pierre-Olivier Joseph 0 2 2 2 0 1 2 0 0 1 0/0 14:30 2:06 0:00
Pontus Aberg 0 0 0 1 0 2 0 0 0 0 0/1 13:01 0:01 0:00
Tyler Benson 0 1 1 1 0 1 1 0 0 0 0/0 12:11 0:00 0:00
Valentin Zykov 0 1 1 1 0 4 0 0 1 0 0/0 7:23 0:01 0:00
Zach Werenski 1 2 3 0 2 3 1 1 2 0 0/0 27:56 4:40 0:00
3 Stars
1 - Zach Werenski (TOR)
2 - Pierre-Olivier Joseph (TOR)
3 - Milan Lucic (NyR)
Power Play
Rangers - 2 on 2 Attempt(s) - 100.00%
Maple Leafs - 2 on 5 Attempt(s) - 40.00%
Penalty Kill
Rangers - 3 on 5 Attempt(s) - 60.00%
- Score 0 goal in Penalty Kill
Maple Leafs - 0 on 2 Attempt(s) - 0.00%
- Score 0 goal in Penalty Kill
Team Stat
Rangers - Hits : 15 - Faceoff Wins : 41 - Blocked Shots : 12 - Penalty Minutes : 10
Maple Leafs - Hits : 17 - Faceoff Wins : 30 - Blocked Shots : 9 - Penalty Minutes : 4
Official
Referees : Frederick L'Ecuyer and Steve Kozari
Linesman : David Brisebois and Ryan Gibbons
Game Notes
No Game Note
Finance
Level 1 -- Attendance: 5267 (87.78%) -- Ticket Income $526,700
Level 2 -- Attendance: 4463 (89.26%) -- Ticket Income $312,410
Level 3 -- Attendance: 1781 (89.05%) -- Ticket Income $71,240
Level 4 -- Attendance: 3598 (89.95%) -- Ticket Income $107,940
Luxury Box -- Attendance: 1000 (100.00%) -- Ticket Income $200,000
Game was played at the Scotiabank Arena.
Total Attendance: 16109 (89.49%)
Total Ticket Income: $1,218,290
Other Income: $182,744
Total Income: $1,401,034
Rangers
5 vs 5 Forward
Center Left Wing Right Wing Time % Phy DF OF
1 Sean Couturier Milan Lucic Devante Smith-Pelly 30 1 2 2
2 Tomas Hertl Viktor Arvidsson Ryan Strome 30 1 2 2
3 Casey Mittelstadt Ondrej Palat Oliver Bjorkstrand 25 1 2 2
4 Henrik Samuelsson David Pope Connor Chatam 15 1 2 2
5 vs 5 Defense
Defense Defense Time % Phy DF OF
1 Cale Makar Jake McCabe 40 1 2 2
2 Mikhail Sergachev Vince Dunn 35 1 2 2
3 Derrick Pouliot Steven Santini 25 1 2 2
4 Cale Makar Jake McCabe 0 1 2 2
PowerPlay Forward
Center Left Wing Right Wing Time % Phy DF OF
1 Sean Couturier Milan Lucic Devante Smith-Pelly 60 1 2 2
2 Tomas Hertl Viktor Arvidsson Ryan Strome 40 1 2 2
PowerPlay Defense
Defense Defense Time % Phy DF OF
1 Cale Makar Jake McCabe 60 1 2 2
2 Mikhail Sergachev Vince Dunn 40 1 2 2
Penalty Kill 4 Players Forward
Center Wing Time % Phy DF OF
1 Sean Couturier Milan Lucic 60 1 2 2
2 Tomas Hertl Viktor Arvidsson 40 1 2 2
Penalty Kill 4 Players Defense
Defense Defense Time % Phy DF OF
1 Cale Makar Jake McCabe 60 1 2 2
2 Mikhail Sergachev Vince Dunn 40 1 2 2
Penalty Kill - 3 Players Forward
Forward Time % Phy DF OF
1 Sean Couturier 60 1 2 2
2 Tomas Hertl 40 1 2 2
Penalty Kill - 3 Players Defense
Defense Defense Time % Phy DF OF
1 Cale Makar Jake McCabe 60 1 2 2
2 Mikhail Sergachev Vince Dunn 40 1 2 2
4 vs 4 Forward
Center Wing Time % Phy DF OF
1 Sean Couturier Milan Lucic 60 1 2 2
2 Tomas Hertl Viktor Arvidsson 40 1 2 2
4 vs 4 Defense
Defense Defense Time % Phy DF OF
1 Cale Makar Jake McCabe 60 1 2 2
2 Mikhail Sergachev Vince Dunn 40 1 2 2
Last Minutes Offensive
Center Left Wing Right Wing Defense Defense
Sean Couturier Milan Lucic Devante Smith-Pelly Cale Makar Jake McCabe
Last Minutes Defensive
Center Left Wing Right Wing Defense Defense
Sean Couturier Milan Lucic Devante Smith-Pelly Cale Makar Jake McCabe
Goaltenders
Starting : Samuel Montembeault
Backup : Eric Comrie
Extra Forwards
Normal : Ryan Strome, Tomas Hertl, Ondrej Palat - PP : Ryan Strome, Tomas Hertl - PK : Ryan Strome
Extra Defensemen
Normal : Vince Dunn, Derrick Pouliot, Steven Santini - PP : Vince Dunn - PK : Vince Dunn, Derrick Pouliot
Penalty Shots
Milan Lucic, Sean Couturier, Viktor Arvidsson, Devante Smith-Pelly, Ryan Strome
Custom OT Lines Forwards
Milan Lucic, Sean Couturier, Viktor Arvidsson, Devante Smith-Pelly, Ryan Strome, Tomas Hertl, Ondrej Palat, Oliver Bjorkstrand, David Pope, Henrik Samuelsson
Custom OT Lines Defensemen
Cale Makar, Jake McCabe, Mikhail Sergachev, Vince Dunn, Derrick Pouliot
Scratches
Colton White (Healthy), Sebastian Collberg (Healthy)
Maple Leafs
5 vs 5 Forward
Center Left Wing Right Wing Time % Phy DF OF
1 Elias Pettersson Evander Kane Andre Burakovsky 40 1 2 2
2 Bo Horvat Jason Zucker Martin Necas 30 1 2 2
3 Elias Lindholm Tyler Benson Pontus Aberg 20 1 2 2
4 Aleksi Saarela Valentin Zykov Mathieu Olivier 10 1 2 2
5 vs 5 Defense
Defense Defense Time % Phy DF OF
1 Zach Werenski John Klingberg 40 1 2 2
2 Jon Merrill Haydn Fleury 30 1 2 2
3 Brendan Guhle Pierre-Olivier Joseph 20 1 2 2
4 Zach Werenski John Klingberg 10 1 2 2
PowerPlay Forward
Center Left Wing Right Wing Time % Phy DF OF
1 Bo Horvat Evander Kane Andre Burakovsky 60 1 2 2
2 Elias Pettersson Jason Zucker Martin Necas 40 1 2 2
PowerPlay Defense
Defense Defense Time % Phy DF OF
1 Zach Werenski John Klingberg 60 1 2 2
2 Jon Merrill Pierre-Olivier Joseph 40 1 2 2
Penalty Kill 4 Players Forward
Center Wing Time % Phy DF OF
1 Bo Horvat Evander Kane 60 1 2 2
2 Elias Lindholm Andre Burakovsky 40 1 2 2
Penalty Kill 4 Players Defense
Defense Defense Time % Phy DF OF
1 Jon Merrill Haydn Fleury 60 1 2 2
2 Brendan Guhle Zach Werenski 40 1 2 2
Penalty Kill - 3 Players Forward
Forward Time % Phy DF OF
1 Bo Horvat 60 1 2 2
2 Elias Lindholm 40 1 2 2
Penalty Kill - 3 Players Defense
Defense Defense Time % Phy DF OF
1 Jon Merrill Haydn Fleury 60 1 2 2
2 Brendan Guhle Zach Werenski 40 1 2 2
4 vs 4 Forward
Center Wing Time % Phy DF OF
1 Bo Horvat Evander Kane 60 1 2 2
2 Elias Pettersson Jason Zucker 40 1 2 2
4 vs 4 Defense
Defense Defense Time % Phy DF OF
1 Zach Werenski John Klingberg 60 1 2 2
2 Jon Merrill Pierre-Olivier Joseph 40 1 2 2
Last Minutes Offensive
Center Left Wing Right Wing Defense Defense
Elias Pettersson Evander Kane Andre Burakovsky Zach Werenski John Klingberg
Last Minutes Defensive
Center Left Wing Right Wing Defense Defense
Bo Horvat Evander Kane Andre Burakovsky Haydn Fleury Jon Merrill
Goaltenders
Starting : Kristers Gudlevskis
Backup : Semyon Varlamov
Extra Forwards
Normal : Elias Lindholm, Martin Necas, Pontus Aberg - PP : Elias Pettersson, Martin Necas - PK : Elias Pettersson
Extra Defensemen
Normal : Haydn Fleury, Pierre-Olivier Joseph, Brendan Guhle - PP : Pierre-Olivier Joseph - PK : Haydn Fleury, Brendan Guhle
Penalty Shots
Andre Burakovsky, Elias Pettersson, Evander Kane, Aleksi Saarela, John Klingberg
Custom OT Lines Forwards
Evander Kane, Bo Horvat, Andre Burakovsky, Elias Pettersson, Jason Zucker, Martin Necas, Pontus Aberg, Valentin Zykov, Elias Lindholm, Aleksi Saarela
Custom OT Lines Defensemen
Zach Werenski, John Klingberg, Jon Merrill, Pierre-Olivier Joseph, Haydn Fleury
Scratches
William Nylander (Sprained Left Ankle Injury)
% Time on Ice - Rangers
Lines # - Real PCT - Wanted PCT - Time Play
Normal Forward
1 - 30% - 30% - 15:40
2 - 28% - 30% - 14:37
3 - 23% - 25% - 12:18
4 - 20% - 15% - 10:21
Normal Defense
1 - 39% - 40% - 20:47
2 - 36% - 35% - 19:18
3 - 24% - 25% - 12:51
4 - 0% - 0% - 0:00
PP Forward
1 - 100% - 60% - 0:18
2 - 0% - 40% - 0:00
PP Defense
1 - 100% - 60% - 0:18
2 - 0% - 40% - 0:00
PK Forward
1 - 72% - 60% - 4:52
2 - 28% - 40% - 1:54
PK Defense
1 - 75% - 60% - 5:04
2 - 25% - 40% - 1:42
PK3 Forward
1 - 0% - 60%
2 - 0% - 40%
PK3 Defense
1 - 0% - 60%
2 - 0% - 40%
44 Forward
1 - 0% - 60%
2 - 0% - 40%
44 Defense
1 - 0% - 60%
2 - 0% - 40%
Last Minute Offensive - 0:00
Last Minute Defensive - 0:00
Total
Forward - 60:00
Defense - 60:00
|
% Time on Ice - Maple Leafs
Lines # - Real PCT - Wanted PCT - Time Play
Normal Forward
1 - 37% - 40% - 19:41
2 - 26% - 30% - 14:01
3 - 23% - 20% - 12:11
4 - 13% - 10% - 7:03
Normal Defense
1 - 39% - 40% - 20:28
2 - 33% - 30% - 17:32
3 - 23% - 20% - 12:07
4 - 5% - 10% - 2:49
PP Forward
1 - 56% - 60% - 3:49
2 - 44% - 40% - 2:57
PP Defense
1 - 69% - 60% - 4:40
2 - 31% - 40% - 2:06
PK Forward
1 - 100% - 60% - 0:18
2 - 0% - 40% - 0:00
PK Defense
1 - 100% - 60% - 0:18
2 - 0% - 40% - 0:00
PK3 Forward
1 - 0% - 60%
2 - 0% - 40%
PK3 Defense
1 - 0% - 60%
2 - 0% - 40%
44 Forward
1 - 0% - 60%
2 - 0% - 40%
44 Defense
1 - 0% - 60%
2 - 0% - 40%
Last Minute Offensive - 0:00
Last Minute Defensive - 0:00
Total
Forward - 60:00
Defense - 60:00
|
Play-by-Play
1st period
0:01 of 1st period - Sean Couturier wins face-off versus Elias Pettersson in neutral zone.
0:48 of 1st period - Casey Mittelstadt is hit by Tyler Benson and loses puck.
1:09 of 1st period - Mikhail Sergachev is hit by Aleksi Saarela and loses puck.
1:36 of 1st period - Off-side.
1:37 of 1st period - Elias Pettersson wins face-off versus Tomas Hertl in neutral zone.
2:15 of 1st period - Martin Necas is hit by Casey Mittelstadt and loses puck.
2:37 of 1st period - Slapshot by Zach Werenski.
2:37 of 1st period - Shot Misses the Net.
2:39 of 1st period - Snap shot by Pontus Aberg.
2:39 of 1st period - Deflect By Elias Lindholm.
2:39 of 1st period - Shot Misses the Net.
2:39 of 1st period - Puck is out of play.
2:40 of 1st period - Elias Pettersson wins face-off versus Tomas Hertl in Rangers zone.
2:55 of 1st period - Snap shot by Tomas Hertl.
2:55 of 1st period - Shot Misses the Net.
2:57 of 1st period - Snap shot by Viktor Arvidsson.
2:57 of 1st period - Shot Misses the Net.
3:13 of 1st period - Wrist shot by Martin Necas.
3:13 of 1st period - Stopped by Samuel Montembeault with a rebound.
3:15 of 1st period - Slapshot by Jason Zucker.
3:15 of 1st period - Stopped by Samuel Montembeault with a rebound.
3:17 of 1st period - Slapshot by John Klingberg.
3:17 of 1st period - Shot Misses the Net.
3:19 of 1st period - Wrist shot by Bo Horvat.
3:19 of 1st period - Shot Blocked by Mikhail Sergachev.
3:37 of 1st period - Backhand shot by Sean Couturier.
3:37 of 1st period - Stopped by Kristers Gudlevskis with a rebound.
3:39 of 1st period - Slapshot by Mikhail Sergachev.
3:39 of 1st period - Shot Misses the Net.
3:53 of 1st period - Snap shot by Valentin Zykov.
3:53 of 1st period - Deflect By Derrick Pouliot.
3:53 of 1st period - Stopped by Samuel Montembeault with a rebound.
3:55 of 1st period - Slapshot by Brendan Guhle.
3:55 of 1st period - Deflect By Derrick Pouliot.
3:55 of 1st period - Stopped by Samuel Montembeault without a rebound.
3:56 of 1st period - Aleksi Saarela wins face-off versus Tomas Hertl in Rangers zone.
3:59 of 1st period - Wrist shot by Aleksi Saarela.
3:59 of 1st period - Deflect By Cale Makar.
3:59 of 1st period - Stopped by Samuel Montembeault with a rebound.
4:01 of 1st period - Slapshot by Haydn Fleury.
4:01 of 1st period - Deflect By Valentin Zykov.
4:01 of 1st period - Stopped by Samuel Montembeault without a rebound.
4:02 of 1st period - Tomas Hertl wins face-off versus Elias Pettersson in Rangers zone.
4:08 of 1st period - Off-side.
4:09 of 1st period - Casey Mittelstadt wins face-off versus Elias Pettersson in neutral zone.
4:34 of 1st period - Milan Lucic is hit by Martin Necas and loses puck.
5:42 of 1st period - Slapshot by Casey Mittelstadt.
5:42 of 1st period - Deflect By Oliver Bjorkstrand.
5:42 of 1st period - Stopped by Kristers Gudlevskis without a rebound.
5:43 of 1st period - Casey Mittelstadt wins face-off versus Elias Pettersson in Maple Leafs zone.
5:48 of 1st period - Snap shot by Oliver Bjorkstrand.
5:48 of 1st period - Shot Misses the Net.
6:29 of 1st period - John Klingberg is hit by Oliver Bjorkstrand.
6:49 of 1st period - Slapshot by Sean Couturier.
6:49 of 1st period - Deflect By Devante Smith-Pelly.
6:49 of 1st period - Shot Misses the Net.
6:49 of 1st period - Puck is out of play.
6:50 of 1st period - Elias Pettersson wins face-off versus Viktor Arvidsson in Maple Leafs zone.
6:55 of 1st period - Snap shot by Elias Pettersson.
6:55 of 1st period - Shot Misses the Net.
6:57 of 1st period - Snap shot by Andre Burakovsky.
6:57 of 1st period - Deflect By Elias Pettersson.
6:57 of 1st period - Shot Blocked by Tomas Hertl.
6:57 of 1st period - Puck is out of play.
6:58 of 1st period - Tomas Hertl wins face-off versus Andre Burakovsky in Rangers zone.
6:58 of 1st period - Tomas Hertl is hit by Evander Kane.
7:29 of 1st period - Slapshot by Elias Pettersson.
7:29 of 1st period - Shot Misses the Net.
7:31 of 1st period - Wrist shot by Elias Pettersson.
7:31 of 1st period - Shot Misses the Net.
7:33 of 1st period - Wrist shot by Pierre-Olivier Joseph.
7:33 of 1st period - Deflect By Elias Pettersson.
7:33 of 1st period - Goal by Elias Pettersson - Rangers : 0 - Maple Leafs : 1.
7:34 of 1st period - Bo Horvat wins face-off versus Sean Couturier in neutral zone.
7:41 of 1st period - Snap shot by Bo Horvat.
7:41 of 1st period - Deflect By Devante Smith-Pelly.
7:41 of 1st period - Shot Blocked by Vince Dunn.
7:41 of 1st period - Puck is out of play.
7:42 of 1st period - Bo Horvat wins face-off versus Milan Lucic in Rangers zone.
7:57 of 1st period - Snap shot by Milan Lucic.
7:57 of 1st period - Shot Misses the Net.
7:59 of 1st period - Snap shot by Mikhail Sergachev.
7:59 of 1st period - Goal by Mikhail Sergachev - Rangers : 1 - Maple Leafs : 1.
8:00 of 1st period - Elias Pettersson wins face-off versus Sean Couturier in neutral zone.
8:07 of 1st period - Snap shot by Elias Pettersson.
8:07 of 1st period - Deflect By Andre Burakovsky.
8:07 of 1st period - Shot Misses the Net.
8:07 of 1st period - Puck is out of play.
8:08 of 1st period - Sean Couturier wins face-off versus Elias Pettersson in Rangers zone.
8:21 of 1st period - Snap shot by Evander Kane.
8:21 of 1st period - Shot Misses the Net.
8:23 of 1st period - Slapshot by John Klingberg.
8:23 of 1st period - Deflect By Elias Pettersson.
8:23 of 1st period - Stopped by Samuel Montembeault with a rebound.
8:31 of 1st period - John Klingberg is hit by Devante Smith-Pelly and loses puck.
9:12 of 1st period - Wrist shot by Elias Pettersson.
9:12 of 1st period - Shot Misses the Net.
9:14 of 1st period - Slapshot by Zach Werenski.
9:14 of 1st period - Deflect By Evander Kane.
9:14 of 1st period - Stopped by Samuel Montembeault with a rebound.
9:16 of 1st period - Wrist shot by John Klingberg.
9:16 of 1st period - Stopped by Samuel Montembeault without a rebound.
9:17 of 1st period - Tomas Hertl wins face-off versus Bo Horvat in Rangers zone.
9:17 of 1st period - Tomas Hertl is hit by Bo Horvat.
9:23 of 1st period - Jon Merrill is hit by Tomas Hertl and loses puck.
9:44 of 1st period - Icing by Haydn Fleury.
9:45 of 1st period - David Pope wins face-off versus Bo Horvat in Maple Leafs zone.
9:48 of 1st period - Snap shot by Henrik Samuelsson.
9:48 of 1st period - Stopped by Kristers Gudlevskis with a rebound.
10:14 of 1st period - Jon Merrill is hit by Henrik Samuelsson and loses puck.
10:24 of 1st period - Off-side.
10:25 of 1st period - Tomas Hertl wins face-off versus Elias Lindholm in neutral zone.
10:28 of 1st period - Snap shot by Tomas Hertl.
10:28 of 1st period - Stopped by Kristers Gudlevskis with a rebound.
10:42 of 1st period - Wrist shot by Pontus Aberg.
10:42 of 1st period - Shot Blocked by Cale Makar.
12:18 of 1st period - Snap shot by Martin Necas.
12:18 of 1st period - Deflect By Bo Horvat.
12:18 of 1st period - Shot Misses the Net.
12:18 of 1st period - Puck is out of play.
12:19 of 1st period - Henrik Samuelsson wins face-off versus Elias Pettersson in Rangers zone.
12:28 of 1st period - David Pope is hit by John Klingberg and loses puck.
13:05 of 1st period - Snap shot by John Klingberg.
13:05 of 1st period - Stopped by Samuel Montembeault without a rebound.
13:06 of 1st period - Elias Pettersson wins face-off versus Tomas Hertl in Rangers zone.
13:15 of 1st period - Snap shot by Ryan Strome.
13:15 of 1st period - Shot Misses the Net.
13:39 of 1st period - Off-side.
13:40 of 1st period - Oliver Bjorkstrand wins face-off versus Elias Lindholm in neutral zone.
13:53 of 1st period - Slapshot by Oliver Bjorkstrand.
13:53 of 1st period - Shot Blocked by Zach Werenski.
14:33 of 1st period - Icing by Zach Werenski.
14:34 of 1st period - Henrik Samuelsson wins face-off versus Elias Pettersson in Maple Leafs zone.
14:55 of 1st period - Wrist shot by Andre Burakovsky.
14:55 of 1st period - Stopped by Samuel Montembeault with a rebound.
15:33 of 1st period - Snap shot by Elias Pettersson.
15:33 of 1st period - Shot Misses the Net.
15:35 of 1st period - Snap shot by John Klingberg.
15:35 of 1st period - Deflect By Evander Kane.
15:35 of 1st period - Shot Misses the Net.
15:35 of 1st period - Puck is out of play.
15:36 of 1st period - Sean Couturier wins face-off versus Martin Necas in Rangers zone.
15:45 of 1st period - Slapshot by Milan Lucic.
15:45 of 1st period - Shot Misses the Net.
16:47 of 1st period - Snap shot by Martin Necas.
16:47 of 1st period - Shot Hit the Post.
18:27 of 1st period - Wrist shot by Martin Necas.
18:27 of 1st period - Stopped by Samuel Montembeault with a rebound.
18:29 of 1st period - Snap shot by Bo Horvat.
18:29 of 1st period - Stopped by Samuel Montembeault without a rebound.
18:30 of 1st period - Elias Lindholm wins face-off versus Tomas Hertl in Rangers zone.
18:33 of 1st period - Snap shot by Tyler Benson.
18:33 of 1st period - Shot Blocked by Viktor Arvidsson.
19:28 of 1st period - Snap shot by Casey Mittelstadt.
19:28 of 1st period - Stopped by Kristers Gudlevskis with a rebound.
19:30 of 1st period - Snap shot by Derrick Pouliot.
19:30 of 1st period - Stopped by Kristers Gudlevskis without a rebound.
19:31 of 1st period - Tomas Hertl wins face-off versus Bo Horvat in Maple Leafs zone.
19:57 of 1st period - John Klingberg is hit by Sean Couturier and loses puck.
Goals for this period are 1 for Rangers vs 1 for Maple Leafs.
Shots for this period are 7 for Rangers vs 14 for Maple Leafs.
2nd period
0:01 of 2nd period - Elias Pettersson wins face-off versus Sean Couturier in neutral zone.
0:31 of 2nd period - Slapshot by Jon Merrill.
0:31 of 2nd period - Shot Blocked by Jake McCabe.
0:35 of 2nd period - Slapshot by Bo Horvat.
0:35 of 2nd period - Shot Blocked by Jake McCabe.
0:37 of 2nd period - Wrist shot by Martin Necas.
0:37 of 2nd period - Shot Misses the Net.
1:33 of 2nd period - Slapshot by Ondrej Palat.
1:33 of 2nd period - Stopped by Kristers Gudlevskis with a rebound.
1:48 of 2nd period - Icing by Vince Dunn.
1:49 of 2nd period - Bo Horvat wins face-off versus Sean Couturier in Rangers zone.
2:24 of 2nd period - Snap shot by Ondrej Palat.
2:24 of 2nd period - Deflect By Oliver Bjorkstrand.
2:24 of 2nd period - Shot Misses the Net.
2:24 of 2nd period - Puck is out of play.
2:25 of 2nd period - Tomas Hertl wins face-off versus Elias Pettersson in Maple Leafs zone.
2:28 of 2nd period - Snap shot by Viktor Arvidsson.
2:28 of 2nd period - Stopped by Kristers Gudlevskis without a rebound.
2:29 of 2nd period - Tomas Hertl wins face-off versus Elias Pettersson in Maple Leafs zone.
3:02 of 2nd period - Slapshot by Martin Necas.
3:02 of 2nd period - Stopped by Samuel Montembeault without a rebound.
3:03 of 2nd period - Sean Couturier wins face-off versus Elias Lindholm in Rangers zone.
3:34 of 2nd period - Andre Burakovsky is hit by Ryan Strome and loses puck.
3:53 of 2nd period - Martin Necas is hit by Steven Santini and loses puck.
4:51 of 2nd period - Slapshot by Cale Makar.
4:51 of 2nd period - Deflect By Milan Lucic.
4:51 of 2nd period - Shot Blocked by Elias Lindholm.
4:51 of 2nd period - Puck is out of play.
4:52 of 2nd period - Tomas Hertl wins face-off versus Elias Pettersson in Maple Leafs zone.
4:53 of 2nd period - Snap shot by Viktor Arvidsson.
4:53 of 2nd period - Stopped by Kristers Gudlevskis with a rebound.
5:28 of 2nd period - Snap shot by Jason Zucker.
5:28 of 2nd period - Stopped by Samuel Montembeault with a rebound.
6:03 of 2nd period - Elias Lindholm is hit by Derrick Pouliot and loses puck.
6:12 of 2nd period - Wrist shot by David Pope.
6:12 of 2nd period - Stopped by Kristers Gudlevskis with a rebound.
6:14 of 2nd period - Backhand shot by Jake McCabe.
6:14 of 2nd period - Stopped by Kristers Gudlevskis with a rebound.
6:27 of 2nd period - Minor Penalty to Ryan Strome for Roughing.
6:28 of 2nd period - Bo Horvat wins face-off versus Sean Couturier in Rangers zone.
6:44 of 2nd period - Snap shot by Andre Burakovsky.
6:44 of 2nd period - Shot Misses the Net.
7:26 of 2nd period - Slapshot by Viktor Arvidsson.
7:26 of 2nd period - Shot Misses the Net.
8:27 of 2nd period - Penalty to Ryan Strome is over, Ryan Strome is back on ice.
8:50 of 2nd period - Wrist shot by Pontus Aberg.
8:50 of 2nd period - Stopped by Samuel Montembeault with a rebound.
8:52 of 2nd period - Slapshot by Elias Lindholm.
8:52 of 2nd period - Shot Misses the Net.
9:04 of 2nd period - Viktor Arvidsson is hit by John Klingberg and loses puck.
9:53 of 2nd period - Minor Penalty to Zach Werenski for Hooking.
9:54 of 2nd period - Milan Lucic wins face-off versus Bo Horvat in Maple Leafs zone.
9:57 of 2nd period - Snap shot by Milan Lucic.
9:57 of 2nd period - Shot Blocked by Evander Kane.
9:59 of 2nd period - Slapshot by Jake McCabe.
9:59 of 2nd period - Shot Blocked by Jon Merrill.
10:01 of 2nd period - Wrist shot by Milan Lucic.
10:01 of 2nd period - Goal by Milan Lucic - Rangers : 2 - Maple Leafs : 1.
10:02 of 2nd period - Elias Pettersson wins face-off versus Sean Couturier in neutral zone.
10:15 of 2nd period - Snap shot by Elias Pettersson.
10:15 of 2nd period - Shot Misses the Net.
10:17 of 2nd period - Wrist shot by Elias Pettersson.
10:17 of 2nd period - Stopped by Samuel Montembeault with a rebound.
10:35 of 2nd period - John Klingberg is hit by Cale Makar and loses puck.
10:54 of 2nd period - Wrist shot by Cale Makar.
10:54 of 2nd period - Shot Blocked by Elias Lindholm.
10:56 of 2nd period - Wrist shot by Casey Mittelstadt.
10:56 of 2nd period - Stopped by Kristers Gudlevskis with a rebound.
11:17 of 2nd period - Icing by Haydn Fleury.
11:18 of 2nd period - Sean Couturier wins face-off versus Aleksi Saarela in Maple Leafs zone.
11:20 of 2nd period - Minor Penalty to Devante Smith-Pelly for Delaying the game.
11:21 of 2nd period - Bo Horvat wins face-off versus Sean Couturier in Rangers zone.
11:21 of 2nd period - Wrist shot by Zach Werenski.
11:21 of 2nd period - Stopped by Samuel Montembeault with a rebound.
11:23 of 2nd period - Snap shot by Bo Horvat.
11:23 of 2nd period - Goal by Bo Horvat - Rangers : 2 - Maple Leafs : 2.
11:24 of 2nd period - Andre Burakovsky wins face-off versus Sean Couturier in neutral zone.
12:38 of 2nd period - Snap shot by Viktor Arvidsson.
12:38 of 2nd period - Stopped by Kristers Gudlevskis with a rebound.
12:40 of 2nd period - Slapshot by Cale Makar.
12:40 of 2nd period - Stopped by Kristers Gudlevskis without a rebound.
12:41 of 2nd period - Tomas Hertl wins face-off versus Elias Pettersson in Maple Leafs zone.
12:42 of 2nd period - Slapshot by Viktor Arvidsson.
12:42 of 2nd period - Stopped by Kristers Gudlevskis without a rebound.
12:43 of 2nd period - Elias Pettersson wins face-off versus Casey Mittelstadt in Maple Leafs zone.
12:58 of 2nd period - Snap shot by Evander Kane.
12:58 of 2nd period - Shot Misses the Net.
13:09 of 2nd period - Icing by Andre Burakovsky.
13:10 of 2nd period - Tomas Hertl wins face-off versus Elias Pettersson in Maple Leafs zone.
13:36 of 2nd period - Icing by Evander Kane.
13:37 of 2nd period - Casey Mittelstadt wins face-off versus Elias Pettersson in Maple Leafs zone.
13:40 of 2nd period - Slapshot by Casey Mittelstadt.
13:40 of 2nd period - Stopped by Kristers Gudlevskis with a rebound.
13:42 of 2nd period - Snap shot by Casey Mittelstadt.
13:42 of 2nd period - Shot Misses the Net.
13:44 of 2nd period - Slapshot by Vince Dunn.
13:44 of 2nd period - Shot Blocked by Jon Merrill.
13:46 of 2nd period - Slapshot by Vince Dunn.
13:46 of 2nd period - Shot Blocked by Haydn Fleury.
13:48 of 2nd period - Slapshot by Vince Dunn.
13:48 of 2nd period - Stopped by Kristers Gudlevskis with a rebound.
13:50 of 2nd period - Wrist shot by Oliver Bjorkstrand.
13:50 of 2nd period - Stopped by Kristers Gudlevskis without a rebound.
13:51 of 2nd period - Bo Horvat wins face-off versus Tomas Hertl in Maple Leafs zone.
14:18 of 2nd period - Devante Smith-Pelly is hit by John Klingberg and loses puck.
15:03 of 2nd period - Snap shot by Tyler Benson.
15:03 of 2nd period - Shot Misses the Net.
15:05 of 2nd period - Wrist shot by Elias Lindholm.
15:05 of 2nd period - Goal by Elias Lindholm - Rangers : 2 - Maple Leafs : 3.
15:06 of 2nd period - Tomas Hertl wins face-off versus Elias Pettersson in neutral zone.
15:18 of 2nd period - Minor Penalty to Tomas Hertl for Roughing.
15:19 of 2nd period - Bo Horvat wins face-off versus Sean Couturier in Rangers zone.
16:38 of 2nd period - Mikhail Sergachev is hit by Bo Horvat and loses puck.
17:18 of 2nd period - Penalty to Tomas Hertl is over, Tomas Hertl is back on ice.
17:20 of 2nd period - Icing by Ryan Strome.
17:21 of 2nd period - Ryan Strome wins face-off versus Pontus Aberg in Rangers zone.
17:36 of 2nd period - Slapshot by Cale Makar.
17:36 of 2nd period - Stopped by Kristers Gudlevskis without a rebound.
17:37 of 2nd period - Elias Pettersson wins face-off versus Tomas Hertl in Maple Leafs zone.
17:46 of 2nd period - Ryan Strome is hit by Evander Kane and loses puck.
17:52 of 2nd period - Off-side.
17:53 of 2nd period - Sean Couturier wins face-off versus Bo Horvat in neutral zone.
19:08 of 2nd period - Wrist shot by Mathieu Olivier.
19:08 of 2nd period - Stopped by Samuel Montembeault with a rebound.
19:10 of 2nd period - Snap shot by Valentin Zykov.
19:10 of 2nd period - Shot Blocked by Cale Makar.
19:12 of 2nd period - Wrist shot by Valentin Zykov.
19:12 of 2nd period - Stopped by Samuel Montembeault with a rebound.
19:14 of 2nd period - Snap shot by Aleksi Saarela.
19:14 of 2nd period - Shot Misses the Net.
19:16 of 2nd period - Slapshot by Pierre-Olivier Joseph.
19:16 of 2nd period - Stopped by Samuel Montembeault with a rebound.
Goals for this period are 1 for Rangers vs 2 for Maple Leafs.
Shots for this period are 14 for Rangers vs 10 for Maple Leafs.
3rd period
0:01 of 3rd period - Tomas Hertl wins face-off versus Elias Pettersson in neutral zone.
0:09 of 3rd period - Snap shot by Ryan Strome.
0:09 of 3rd period - Stopped by Kristers Gudlevskis without a rebound.
0:10 of 3rd period - Tomas Hertl wins face-off versus Elias Pettersson in Maple Leafs zone.
0:13 of 3rd period - Snap shot by Viktor Arvidsson.
0:13 of 3rd period - Shot Misses the Net.
0:29 of 3rd period - Wrist shot by Evander Kane.
0:29 of 3rd period - Deflect By Andre Burakovsky.
0:29 of 3rd period - Shot Blocked by Vince Dunn.
0:29 of 3rd period - Puck is out of play.
0:30 of 3rd period - Bo Horvat wins face-off versus Sean Couturier in Rangers zone.
0:31 of 3rd period - Snap shot by Jason Zucker.
0:31 of 3rd period - Stopped by Samuel Montembeault without a rebound.
0:32 of 3rd period - Sean Couturier wins face-off versus Bo Horvat in Rangers zone.
0:32 of 3rd period - Sean Couturier is hit by Martin Necas.
1:23 of 3rd period - Off-side.
1:24 of 3rd period - Henrik Samuelsson wins face-off versus Elias Lindholm in neutral zone.
2:02 of 3rd period - Snap shot by Tyler Benson.
2:02 of 3rd period - Shot Misses the Net.
2:04 of 3rd period - Snap shot by Elias Lindholm.
2:04 of 3rd period - Stopped by Samuel Montembeault with a rebound.
2:28 of 3rd period - Haydn Fleury is hit by David Pope and loses puck.
2:31 of 3rd period - Snap shot by Pontus Aberg.
2:31 of 3rd period - Shot Misses the Net.
3:20 of 3rd period - Snap shot by Pontus Aberg.
3:20 of 3rd period - Stopped by Samuel Montembeault without a rebound.
3:21 of 3rd period - Sean Couturier wins face-off versus Elias Pettersson in Rangers zone.
3:38 of 3rd period - Snap shot by Evander Kane.
3:38 of 3rd period - Shot Blocked by Jake McCabe.
3:48 of 3rd period - Devante Smith-Pelly is hit by Zach Werenski and loses puck.
3:57 of 3rd period - Wrist shot by Aleksi Saarela.
3:57 of 3rd period - Stopped by Samuel Montembeault with a rebound.
3:59 of 3rd period - Wrist shot by Aleksi Saarela.
3:59 of 3rd period - Goal by Aleksi Saarela - Rangers : 2 - Maple Leafs : 4.
4:00 of 3rd period - Elias Pettersson wins face-off versus Casey Mittelstadt in neutral zone.
4:09 of 3rd period - Snap shot by Ondrej Palat.
4:09 of 3rd period - Stopped by Kristers Gudlevskis with a rebound.
4:15 of 3rd period - Slapshot by Cale Makar.
4:15 of 3rd period - Shot Misses the Net.
5:15 of 3rd period - Snap shot by Ondrej Palat.
5:15 of 3rd period - Stopped by Kristers Gudlevskis without a rebound.
5:16 of 3rd period - Aleksi Saarela wins face-off versus Casey Mittelstadt in Maple Leafs zone.
5:16 of 3rd period - Aleksi Saarela is hit by Casey Mittelstadt.
5:51 of 3rd period - Snap shot by Tomas Hertl.
5:51 of 3rd period - Stopped by Kristers Gudlevskis with a rebound.
5:53 of 3rd period - Snap shot by Viktor Arvidsson.
5:53 of 3rd period - Stopped by Kristers Gudlevskis without a rebound.
5:54 of 3rd period - Sean Couturier wins face-off versus Elias Pettersson in Maple Leafs zone.
6:17 of 3rd period - Minor Penalty to Cale Makar for Delaying the game.
6:18 of 3rd period - Bo Horvat wins face-off versus Sean Couturier in Rangers zone.
6:21 of 3rd period - Snap shot by Evander Kane.
6:21 of 3rd period - Stopped by Samuel Montembeault with a rebound.
6:53 of 3rd period - Snap shot by Elias Pettersson.
6:53 of 3rd period - Deflect By Jason Zucker.
6:53 of 3rd period - Shot Blocked by Viktor Arvidsson.
6:53 of 3rd period - Puck is out of play.
6:54 of 3rd period - Bo Horvat wins face-off versus Tomas Hertl in Rangers zone.
7:07 of 3rd period - Snap shot by Andre Burakovsky.
7:07 of 3rd period - Deflect By Viktor Arvidsson.
7:07 of 3rd period - Shot Blocked by Vince Dunn.
7:07 of 3rd period - Puck is out of play.
7:08 of 3rd period - Sean Couturier wins face-off versus Bo Horvat in Rangers zone.
7:19 of 3rd period - Zach Werenski is hit by Sean Couturier and loses puck.
7:25 of 3rd period - Off-side.
7:26 of 3rd period - Elias Pettersson wins face-off versus Sean Couturier in neutral zone.
7:43 of 3rd period - Wrist shot by Elias Pettersson.
7:43 of 3rd period - Stopped by Samuel Montembeault without a rebound.
7:44 of 3rd period - Bo Horvat wins face-off versus Sean Couturier in Rangers zone.
7:53 of 3rd period - Wrist shot by Bo Horvat.
7:53 of 3rd period - Shot Misses the Net.
8:11 of 3rd period - Viktor Arvidsson is hit by Jason Zucker and loses puck.
8:17 of 3rd period - Penalty to Cale Makar is over, Cale Makar is back on ice.
8:31 of 3rd period - Valentin Zykov is hit by Cale Makar and loses puck.
8:39 of 3rd period - Snap shot by Sean Couturier.
8:39 of 3rd period - Deflect By Aleksi Saarela.
8:39 of 3rd period - Shot Misses the Net.
8:39 of 3rd period - Puck is out of play.
8:40 of 3rd period - Tomas Hertl wins face-off versus Evander Kane in Maple Leafs zone.
9:03 of 3rd period - Minor Penalty to Andre Burakovsky for Holding.
9:04 of 3rd period - Sean Couturier wins face-off versus Bo Horvat in Maple Leafs zone.
9:11 of 3rd period - Backhand shot by Milan Lucic.
9:11 of 3rd period - Shot Misses the Net.
9:13 of 3rd period - Wrist shot by Devante Smith-Pelly.
9:13 of 3rd period - Goal by Devante Smith-Pelly - Rangers : 3 - Maple Leafs : 4.
9:14 of 3rd period - Tomas Hertl wins face-off versus Elias Pettersson in neutral zone.
10:16 of 3rd period - Slapshot by Ondrej Palat.
10:16 of 3rd period - Stopped by Kristers Gudlevskis with a rebound.
10:18 of 3rd period - Wrist shot by Ondrej Palat.
10:18 of 3rd period - Stopped by Kristers Gudlevskis with a rebound.
10:20 of 3rd period - Snap shot by Ondrej Palat.
10:20 of 3rd period - Shot Misses the Net.
10:36 of 3rd period - Slapshot by Henrik Samuelsson.
10:36 of 3rd period - Stopped by Kristers Gudlevskis with a rebound.
10:52 of 3rd period - Wrist shot by Viktor Arvidsson.
10:52 of 3rd period - Stopped by Kristers Gudlevskis with a rebound.
10:54 of 3rd period - Slapshot by Derrick Pouliot.
10:54 of 3rd period - Shot Blocked by Aleksi Saarela.
10:56 of 3rd period - Slapshot by Derrick Pouliot.
10:56 of 3rd period - Stopped by Kristers Gudlevskis without a rebound.
10:57 of 3rd period - Elias Pettersson wins face-off versus Tomas Hertl in Maple Leafs zone.
11:10 of 3rd period - Wrist shot by Elias Pettersson.
11:10 of 3rd period - Stopped by Samuel Montembeault without a rebound.
11:11 of 3rd period - Evander Kane wins face-off versus Casey Mittelstadt in Rangers zone.
13:34 of 3rd period - Snap shot by Milan Lucic.
13:34 of 3rd period - Shot Misses the Net.
13:36 of 3rd period - Wrist shot by Devante Smith-Pelly.
13:36 of 3rd period - Shot Blocked by Aleksi Saarela.
13:38 of 3rd period - Slapshot by Devante Smith-Pelly.
13:38 of 3rd period - Stopped by Kristers Gudlevskis without a rebound.
13:39 of 3rd period - Casey Mittelstadt wins face-off versus Elias Pettersson in Maple Leafs zone.
13:39 of 3rd period - Cale Makar is hit by Pierre-Olivier Joseph and loses puck.
14:05 of 3rd period - Cale Makar is hit by Bo Horvat and loses puck.
14:40 of 3rd period - Viktor Arvidsson is hit by Pierre-Olivier Joseph and loses puck.
15:07 of 3rd period - Minor Penalty to Henrik Samuelsson for Interference.
15:08 of 3rd period - Sean Couturier wins face-off versus Bo Horvat in Rangers zone.
15:41 of 3rd period - Icing by Jason Zucker.
15:42 of 3rd period - Tomas Hertl wins face-off versus Elias Pettersson in Maple Leafs zone.
15:53 of 3rd period - Backhand shot by Zach Werenski.
15:53 of 3rd period - Goal by Zach Werenski - Rangers : 3 - Maple Leafs : 5.
15:54 of 3rd period - Elias Pettersson wins face-off versus Casey Mittelstadt in neutral zone.
15:57 of 3rd period - Wrist shot by Andre Burakovsky.
15:57 of 3rd period - Stopped by Samuel Montembeault with a rebound.
16:11 of 3rd period - Slapshot by Elias Pettersson.
16:11 of 3rd period - Shot Hit the Post.
16:33 of 3rd period - Cale Makar is hit by John Klingberg and loses puck.
16:54 of 3rd period - Slapshot by Valentin Zykov.
16:54 of 3rd period - Stopped by Samuel Montembeault without a rebound.
16:55 of 3rd period - Elias Pettersson wins face-off versus Casey Mittelstadt in Rangers zone.
17:40 of 3rd period - Icing by Tomas Hertl.
17:41 of 3rd period - Tomas Hertl wins face-off versus Elias Lindholm in Rangers zone.
17:52 of 3rd period - Wrist shot by Tyler Benson.
17:52 of 3rd period - Stopped by Samuel Montembeault with a rebound.
18:10 of 3rd period - Slapshot by Zach Werenski.
18:10 of 3rd period - Stopped by Samuel Montembeault without a rebound.
18:11 of 3rd period - Sean Couturier wins face-off versus Bo Horvat in Rangers zone.
18:38 of 3rd period - Andre Burakovsky is hit by Tomas Hertl and loses puck.
Goals for this period are 1 for Rangers vs 2 for Maple Leafs.
Shots for this period are 12 for Rangers vs 13 for Maple Leafs.
Output by the SimonT Hockey Simulator (STHS) for Francois Prevost